 Dungeon Crawl Stone Soup version 0.21.0-3-g78d12a8 (webtiles) character file.

289325 epen the Bringer of Light (level 21, -7/164 HPs)
             Began as a Gnoll Wanderer on Jan 12, 2018.
             Was the Champion of the Shining One.
             Killed by divine providence
             ... invoked by a sphinx
              (11 damage)
             ... on level 3 of the Vaults on Jan 13, 2018.
             The game lasted 02:06:59 (53362 turns).

epen the Bringer of Light (Gnoll Wanderer)         Turns: 53362, Time: 02:07:00

Health: -7/164     AC: 36    Str: 21    XL:     21   Next: 11%
Magic:  43/47      EV: 17    Int: 23    God:    the Shining One [******]
Gold:   1778       SH:  0    Dex: 22    Spells: 35/47 levels left

rFire    . . .     SeeInvis +   q - +10 great mace of Zusiabih {crush, Int+4}
rCold    . . .     Gourm    .   (shield currently unavailable)
rNeg     + + +     Faith    .   N - +8 plate armour of Zikof {rElec}
rPois    .         Spirit   .   t - +2 helmet {SInv}
rElec    +         Reflect  .   h - +1 cloak
rCorr    .         Harm     .   Y - +0 pair of gloves {Dex+3}
MR       +++..                  A - +1 pair of boots {run}
Stlth    +.........             X - amulet of regeneration
HPRegen  0.77/turn              j - ring of Contentment {MP+9 Int+2 Dex+3 Stlth+}
MPRegen  0.30/turn              H - ring "Sull" {MR++ EV+1 Dex-2}

@: glowing, deflect missiles, quick
A: distributed training, fangs 1, hooves 1, slimy green scales 1, strong 1,
strong nose
}: 1/15 runes: decaying
a: Divine Shield, Cleansing Flame, Summon Divine Warrior, Brand Weapon With Holy
Wrath, Renounce Religion


You were on level 3 of the Vaults.
You worshipped the Shining One.
The Shining One was exalted by your worship.
You were very hungry.

You visited 8 branches of the dungeon, and saw 35 of its levels.
You visited the Abyss 1 time.
You also visited: Ice Cave and Volcano.

You collected 4599 gold pieces.
You spent 2821 gold pieces at shops.

Inventory:

Hand Weapons
 q - the +10 great mace of Zusiabih (weapon) {crush, Int+4}
   (You found it in an ice cave)

   It inflicts extra damage upon your enemies.
   It affects your intelligence (+4).
 P - the +9 battleaxe "Texaudaene" {antimagic, SInv}
   (You found it on level 11 of the Dungeon)

   It reduces the magical energy of the wielder, and disrupts the spells and
   magical abilities of those hit.
   Natural abilities and divine invocations are not affected.
   It lets you see invisible.
Missiles
 K - 8 needles of paralysis
Armour
 h - a +1 cloak (worn)
 t - a +2 helmet of see invisible (worn)
 v - the +0 pair of boots "Egoeb" {rF++ Int+6}
   (You found it on level 12 of the Dungeon)

   It affects your intelligence (+6).
   It greatly protects you from fire.
 A - a +1 pair of boots of running (worn)
 L - the +3 buckler of Shadows and Fog {rPois Regen+ Str-2 SInv}
   (You acquired it on level 2 of the Orcish Mines)

   It affects your strength (-2).
   It protects you from poison.
   It lets you see invisible.
   It increases your rate of regeneration.
 N - the +8 plate armour of Zikof (worn) {rElec}
   (You found it on level 11 of the Dungeon)

   It insulates you from electricity.
 Y - a +0 pair of gloves of dexterity (worn)
Jewellery
 a - an uncursed ring of protection from cold
 j - the ring of Contentment (left hand) {MP+9 Int+2 Dex+3 Stlth+}
   (You took it off a deep elf death mage on level 3 of the Elven Halls)

   [ring of magical power]

   It affects your intelligence (+2).
   It affects your dexterity (+3).
   It affects your magic capacity (+9).
   It makes you more stealthy.
 m - an uncursed ring of wizardry
 s - an uncursed ring of protection from fire
 F - the ring of Moril {rElec rPois Stlth-}
   (You took it off a deep elf annihilator on level 3 of the Elven Halls)

   [ring of loudness]

   It insulates you from electricity.
   It protects you from poison.
   It makes you less stealthy.
 H - the ring "Sull" (right hand) {MR++ EV+1 Dex-2}
   (You bought it in a shop on level 1 of the Elven Halls)

   [ring of evasion]

   It affects your evasion (+1).
   It affects your dexterity (-2).
   It affects your resistance to hostile enchantments.
 U - the amulet of Odaug {Reflect +Inv rPois MP-9 Str+3 SH+2}
   (You took it off a deep elf sorcerer on level 3 of the Elven Halls)

   [amulet of reflection]

   It shields you and reflects attacks.
   It affects your strength (+3).
   It protects you from poison.
   It affects your magic capacity (-9).
   It lets you turn invisible.
   It affects your SH (+2).
 W - an uncursed ring of protection from cold
 X - an amulet of regeneration (around neck)
Wands
 J - a wand of digging (26)
Scrolls
 d - a scroll of brand weapon
 e - 7 scrolls of magic mapping
 l - 14 scrolls of teleportation
 n - 7 scrolls of amnesia
 o - 9 scrolls of remove curse
 p - a scroll of fear
 x - 7 scrolls of fog
 D - 4 scrolls of enchant armour
 G - 2 scrolls of blinking
 I - 21 scrolls of identify
 Q - a scroll of silence
 V - a scroll of enchant weapon
 Z - 4 scrolls of summoning
Potions
 b - a potion of magic
 c - 2 potions of ambrosia
 g - 6 potions of curing
 i - 2 potions of berserk rage
 r - 2 potions of brilliance
 w - 7 potions of agility
 y - 2 potions of mutation
 z - 2 potions of resistance
 B - 3 potions of heal wounds
 C - 7 potions of haste
 M - 3 potions of might
 R - a potion of cancellation
 T - 3 potions of flight
Books
 k - the Disquisition on Talismans and Poison
   (You found it on level 3 of the Elven Halls)

   Spells                             Type                      Level
   a - Poisonous Vapours              Poison/Air                   2
   b - Mephitic Cloud                 Conjuration/Poison/Air       3
   c - Deflect Missiles               Charms/Air                   6
   d - Ring of Flames                 Charms/Fire                  7
 O - a book of Maledictions

   Spells                             Type                      Level
   a - Corona                         Hexes                        1
   b - Ensorcelled Hibernation        Hexes/Ice                    2
   c - Confuse                        Hexes                        3
   d - Tukima's Dance                 Hexes                        3
   e - Dazzling Spray                 Conjuration/Hexes            3
Miscellaneous
 u - a phial of floods
 S - a phantom mirror
Comestibles
 f - 42 rations
 E - a chunk of flesh


   Skills:
 + Level 13.9 Fighting
 + Level 13.3 Short Blades
 + Level 13.3 Long Blades
 + Level 13.3 Axes
 + Level 13.3 Maces & Flails
 + Level 13.3 Polearms
 + Level 13.3 Staves
 + Level 13.3 Slings
 + Level 13.3 Bows
 + Level 13.3 Crossbows
 + Level 13.3 Throwing
 + Level 13.5 Armour
 + Level 13.3 Dodging
 + Level 13.3 Stealth
 + Level 13.3 Shields
 + Level 13.3 Unarmed Combat
 + Level 13.5 Spellcasting
 + Level 11.4 Conjurations
 + Level 11.4 Hexes
 + Level 11.4 Charms
 + Level 11.4 Summonings
 + Level 11.4 Necromancy
 + Level 11.4 Translocations
 + Level 12.0 Transmutations
 + Level 11.4 Fire Magic
 + Level 11.4 Ice Magic
 + Level 11.4 Air Magic
 + Level 11.4 Earth Magic
 + Level 12.0 Poison Magic
 + Level 14.3 Invocations
 + Level 13.9 Evocations


You had 35 spell levels left.
You knew the following spells:

 Your Spells              Type           Power        Failure   Level  Hunger
a - Blink                 Tloc           N/A          1%          2    None
b - Passage of Golubria   Tloc           N/A          4%          4    None
c - Deflect Missiles      Chrm/Air       ######....   52%         6    #####..


Dungeon Overview and Level Annotations

Branches:
Dungeon (15/15)            Temple (1/1) D:4            Lair (6/6) D:9
  Swamp (4/4) Lair:4        Snake (0/4) Lair:3        Slime (1/5) Lair:5
    Orc (2/2) D:12            Elf (3/3) Orc:2        Vaults (3/5) D:13
  Crypt (0/3) Vaults:2     Depths (0/5) D:15

Altars:
Ashenzari
Cheibriados
Dithmenos
Elyvilon
Fedhas
Gozag
Hepliaklqana
Kikubaaqudgha
Makhleb
Nemelex Xobeh
Okawaru
Qazlal
Ru
Sif Muna
Trog
Uskayaw
Vehumet
Wu Jian
Xom
Yredelemnul
Zin
The Shining One
Beogh

Shops:
D:15 %   Orc:1 [!   Orc:2 }(?:!   Elf:1 =**

Portals:
Trove: D:10 (give 5 potions of resistance)

Annotations:
D:10 exclusion: ice statue, Snorg
D:13 Kirke
Elf:2 3 runed doors


Innate Abilities, Weirdness & Mutations

Your experience applies equally to all skills.
You have very sharp teeth.
Your uncanny sense of smell can sniff out nearby items.
You have large cloven feet.
You are partially covered in slimy green scales. (AC +2)
Your muscles are strong. (Str +2)


Message History

You kill the vault guard!
The golden flame engulfs the two-headed ogre.
The two-headed ogre is severely wounded.
You feel somewhat more hungry.
You hear a horrible gurgling sound! x2; You hear a howl!
You hear a horrible gurgling sound! x2; You hear a shout!
You hear a horrible gurgling sound!
You hear a shout! x2
The ogre mage barely misses you. The large abomination hits you!
Unknown command.
Unknown command.
The ogre mage gestures wildly while chanting.
The ogre mage blinks!
The ogre mage gestures at you while chanting.
You deflect the bolt of fire!
The ogre mage points at you and mumbles some strange words.
The crystal spear hits you!
* * * LOW HITPOINT WARNING * * *
The sphinx casts a spell.
Something smites you!
You die...

#######'#''##.............
......................%....
............................
.............................
..............................
..............................
.................((...O......
#######'#####..............#
#..#.#.....##...@..........#
'..#.'.....##......XO.o....#
#..#.#.....##......O))X)...###
####[#.....##.......H()(..§'..
.....##################c####..
#..(...#...# c.# #......#..(#
..# #'####.'...# ..#
#....#.#...# ..#


You could see a sphinx, a yaktaur captain, an orc knight, a two-headed ogre, 2
ogre magi and 2 large abominations.

Vanquished Creatures
  the Lernaean hydra (Swamp:4)
  Bai Suzhen (Swamp:3)
  Nikola (Swamp:2)
  Rupert (Lair:3)
  2 deep elf master archers (Elf:3)
  A tentacled starspawn (Abyss:2)
  The ghost of Nr616 the Severer, a journeyman MiBe of Trog (Orc:2)
  Donald (Swamp:4)
  9 deep elf sorcerers
  3 vault wardens
  Aizul (Swamp:2)
  A frost giant (Vaults:3)
  5 deep elf elementalists
  5 ironheart preservers
  An entropy weaver (D:13)
  3 stone giants
  5 deep elf demonologists
  Nessos (Orc:2)
  A vampire knight (Vaults:2)
  2 large abominations
  4 deep elf annihilators (Elf:3)
  A dire elephant (D:14)
  5 deep elf death magi
  2 fire dragons
  A great orb of eyes (Vaults:1)
  A quicksilver dragon skeleton (Abyss:2)
  Josephine (Lair:5)
  2 deep elf high priests (Elf:3)
  2 ice dragons
  2 yaktaur captains
  12 vault guards
  Harold (Lair:1)
  A ghost crab (Swamp:3)
  19 hydras
  2 rakshasas
  Erolcha (Orc:1)
  3 catoblepae
  5 centaur warriors
  An alligator (shapeshifter) (Abyss:2)
  4 death knights
  10 two-headed ogres
  12 dancing weapons
  6 alligators
  3 deep troll shamans
  4 death yaks (Lair:6)
  6 ogre magi
  A deep troll earth mage (Vaults:2)
  2 tengu warriors (D:13)
  14 deep elf knights
  5 orc high priests (Orc:2)
  Sonja (Orc:2)
  A spatial maelstrom (Abyss:2)
  4 unseen horrors
  A skeletal warrior (Vaults:1)
  A quicksilver dragon simulacrum (Abyss:2)
  An unseen horror (shapeshifter) (Abyss:2)
  13 swamp dragons
  9 wizards
  A shadow wraith (Vaults:1)
  2 spriggan druids
  7 ironbrand convokers
  10 deep elf archers
  A glowing orange brain (Vaults:1)
  3 deep trolls
  A lindwurm (Lair:6)
  8 harpies
  3 necromancers
  Pikel (D:7)
  2 phantasmal warriors
  2 shambling mangroves
  24 ugly things
  2 manticores
  5 cyclopes
  7 orc knights
  A worldbinder (Abyss:2)
  53 deep elf magi
  2 orc sorcerers (Orc:1)
  A salamander (D:15)
  Joseph (D:8)
  9 elephants
  An apocalypse crab (Abyss:2)
  3 torpor snails
  Maurice (D:8)
  5 toenail golems (Volcano)
  3 ice statues (IceCv)
  4 vault sentinels
  2 black mambas
  2 orange demons (Abyss:2)
  2 smoke demons (Abyss:2)
  3 gargoyles
  11 spiny frogs
  3 rime drakes
  5 komodo dragons
  A kobold demonologist (D:14)
  8 freezing wraiths
  8 yaktaurs
  2 ancient zymes (Abyss:2)
  A tengu conjurer (D:15)
  10 ice devils (IceCv)
  2 trolls
  8 tyrant leeches
  6 meliai
  A polar bear (Lair:6)
  A harpy skeleton (D:15)
  A merfolk (D:10)
  8 hornets
  6 bog bodies
  A hornet (shapeshifter) (D:13)
  16 slime creatures
  7 raiju (Abyss:2)
  5 hippogriffs
  A dream sheep (shapeshifter) (Vaults:2)
  8 dream sheep
  A flying skull (Vaults:2)
  2 centaur simulacra
  2 spriggans (shapeshifter)
  9 wraiths
  4 air elementals
  An alligator skeleton (Abyss:2)
  2 fire bats (Abyss:2)
  A tarantella (shapeshifter) (Elf:3)
  2 wyverns
  A ynoxinul (Abyss:2)
  3 shadows
  42 yaks
  9 water elementals
  2 hogs (D:13)
  A hungry ghost (Abyss:2)
  Eustachio (D:5)
  3 fire elementals (Elf:3)
  A redback simulacrum (D:14)
  4 basilisks
  26 vampire mosquitoes
  17 wargs
  32 insubstantial wisps
  A neqoxec (Abyss:2)
  A harpy simulacrum (Abyss:2)
  2 hell hounds (D:9)
  22 swamp worms
  4 acid dragons
  6 porcupines
  13 water moccasins
  13 swamp drakes
  28 orc warriors
  3 slaves (D:7)
  3 black bears
  14 ice beasts
  2 phantoms
  3 sky beasts
  A hornet zombie (D:14)
  An eye of draining (D:14)
  14 centaurs
  19 ogres
  11 wolves
  3 boggarts (Vaults:1)
  16 crocodiles
  3 big kobolds
  A wyvern zombie (D:13)
  22 bullfrogs
  A gnoll sergeant (D:9)
  2 earth elementals
  2 glowing shapeshifter simulacra
  2 small abominations (Abyss:2)
  A wyvern skeleton (D:14)
  6 scorpions
  12 wights
  The ghost of buskinjo the Chopper, a weakling DsGl (D:3)
  3 vampire bats (D:4)
  5 howler monkeys
  10 crimson imps
  2 bullfrog zombies
  4 draconian simulacra (IceCv)
  11 hounds
  A quasit (D:13)
  6 jellies
  40 orc priests
  3 bullfrog skeletons
  6 centaur skeletons
  Jessica (D:2)
  Ijyb (D:4)
  5 iguanas
  20 orc wizards
  2 troll simulacra (IceCv)
  11 worker ants
  A hound zombie (D:8)
  6 gnolls
  12 adders
  An ogre simulacrum (IceCv)
  2 naga simulacra (IceCv)
  A shadow imp (D:5)
  5 oozes
  2 adder zombies
  3 worms
  2 dart slugs
  3 leopard geckos
  111 orcs
  3 bat skeletons (D:4)
  3 bat zombies (D:4)
  5 giant cockroaches
  13 goblins
  6 hobgoblins
  12 jackals
  5 quokkas
  2 ball pythons
  4 bats
  5 frilled lizards
  A jackal skeleton (D:7)
  A jackal zombie (D:8)
  27 kobolds
  5 rats
  A spectral orc (D:2)
  6 crawling corpses
  2 fungi (Lair:5)
  4 plants
1286 creatures vanquished.

Vanquished Creatures (collateral kills)
  A deep elf master archer (Elf:3)
  A deep elf blademaster (Elf:3)
  2 deep elf sorcerers (Elf:3)
  4 deep elf annihilators (Elf:3)
  2 deep elf death magi
  2 deep elf high priests (Elf:3)
  2 deep elf knights (Elf:3)
  A deep elf archer (Elf:3)
  2 deep elf magi (Elf:1)
  2 insubstantial wisps (Swamp:1)
19 creatures vanquished.

Vanquished Creatures (others)
  A deep elf elementalist (Elf:3)
  2 deep elf magi
  2 tyrant leeches
  A hornet (Swamp:1)
  2 spriggans (Swamp:1)
  An insubstantial wisp (Swamp:2)
  A swamp worm (Swamp:4)
  A swamp drake (Swamp:3)
  An orc warrior (Orc:1)
  2 kobolds (D:5)
  A crawling corpse (Elf:3)
  18 fungi
  4 plants
  3 starspawn tentacles (Abyss:2)
40 creatures vanquished.

Grand Total: 1345 creatures vanquished

Notes
Turn   | Place    | Note
-------+----------+-------------------------------------------
     0 | D:1      | epen the Gnoll Wanderer began the quest for the Orb.
     0 | D:1      | epen set off with: a +2 spear, a +0 mace, the Handbook of Transmigration, a +0 robe, a ration
     0 | D:1      | Reached XP level 1. HP: 20/20 MP: 4/4
     0 | D:1      | Identified the Handbook of Transmigration
    74 | D:1      | Reached XP level 2. HP: 24/26 MP: 5/5
   933 | D:1      | Reached XP level 3. HP: 31/31 MP: 7/7
   969 | D:1      | HP: 1/31 [jackal (2)]
  1607 | D:2      | Reached skill level 1 in Invocations
  1653 | D:2      | Reached skill level 1 in Short Blades
  1653 | D:2      | Reached skill level 1 in Long Blades
  1653 | D:2      | Reached skill level 1 in Axes
  1653 | D:2      | Reached skill level 1 in Maces & Flails
  1653 | D:2      | Reached skill level 1 in Polearms
  1653 | D:2      | Reached skill level 1 in Staves
  1653 | D:2      | Reached skill level 1 in Slings
  1653 | D:2      | Reached skill level 1 in Bows
  1653 | D:2      | Reached skill level 1 in Crossbows
  1653 | D:2      | Reached skill level 1 in Throwing
  1653 | D:2      | Reached skill level 1 in Dodging
  1653 | D:2      | Reached skill level 1 in Stealth
  1653 | D:2      | Reached skill level 1 in Shields
  1653 | D:2      | Reached skill level 1 in Unarmed Combat
  1658 | D:2      | Reached XP level 4. HP: 37/38 MP: 8/8
  1705 | D:2      | Noticed Jessica
  1719 | D:2      | Killed Jessica
  1777 | D:2      | Found a sparkling altar of Nemelex Xobeh.
  1853 | D:2      | Reached skill level 1 in Conjurations
  1853 | D:2      | Reached skill level 1 in Hexes
  1853 | D:2      | Reached skill level 1 in Charms
  1853 | D:2      | Reached skill level 1 in Summonings
  1853 | D:2      | Reached skill level 1 in Necromancy
  1853 | D:2      | Reached skill level 1 in Translocations
  1853 | D:2      | Reached skill level 1 in Fire Magic
  1853 | D:2      | Reached skill level 1 in Ice Magic
  1853 | D:2      | Reached skill level 1 in Air Magic
  1853 | D:2      | Reached skill level 1 in Earth Magic
  2036 | D:2      | Found a basalt altar of Yredelemnul.
  2178 | D:3      | Found a hide-covered altar of Uskayaw.
  2189 | D:3      | Noticed a hand axe
  2189 | D:3      | Noticed buskinjo's ghost (weakling DsGl)
  2190 | D:3      | Noticed a hand axe
  2378 | D:4      | Noticed a phantom
  2398 | D:4      | Reached XP level 5. HP: 8/43 MP: 9/9
  2908 | D:3      | Found a bloodstained altar of Trog.
  3056 | D:3      | Killed buskinjo's ghost
  3147 | D:3      | epen: !gkills
  3147 | D:3      | beem: 35 kills by epen's ghost: 7x epen, Kidiri, Marenglen, Monsterracer, murphy, oplop, WhatIsLove, Yehuk, st0uf, namelastname112, brucemayne, Roxy, mistymad, Murumi, Aquadorian, Aviak, Azzok, ontamu, imganon, azzavlup, George, Tux, ThereIsNoGod, Shtopit, crawlian, beholder, tstbtto, Pr0man, Hipnos
  3158 | D:3      | Found a faded altar of an unknown god.
  3256 | D:3      | namelastname112: !gkills
  3408 | D:3      | beem: 226 kills by namelastname112's ghost: 44x namelastname112, 4x Reinor, 3x ololoev, 3x crauler, 3x Azzok, 3x Duffy, 3x Viceroy, 3x FIQ, 3x George, 3x Lathuz, 3x Gagarin, 3x Uhlv, 2x hornqvist, 2x Ratboiler, 2x wvc, 2x kae, 2x Zhenya25pyc, 2x sKa, 2x PeterLawrence, 2x Dominolapin, 2x Lovchig, 2x Slowdrip, 2x Viilla, braks, kak, Zigma, syage, Amnesiac, Chiseanne, ConnectionFaild, natiam, Trafet, dav...
  3426 | D:3      | Found a white marble altar of Elyvilon.
  3765 | D:4      | Reached skill level 2 in Invocations
  3765 | D:4      | Reached XP level 6. HP: 50/50 MP: 9/11
  3811 | D:4      | Reached skill level 5 in Fighting
  3811 | D:4      | Reached skill level 5 in Evocations
  4061 | D:4      | Found a staircase to the Ecumenical Temple.
  4086 | Temple   | Entered the Ecumenical Temple
  4416 | D:4      | Killed a phantom
  4437 | D:4      | Found a shimmering altar of Xom.
  4695 | D:4      | Reached XP level 7. HP: 56/56 MP: 12/12
  4713 | D:4      | Found an ancient bone altar of Kikubaaqudgha.
  4842 | D:4      | namelastname112: ??evil
  4867 | D:4      | beem: evil[1/1]: See {evil items} or {evil gods}.
  4881 | D:4      | namelastname112: ??evilgods
  4884 | Temple   | beem: evilgods ~ evil gods[1/2]: Beogh, Lugonu, Kikubaaqudgha, Yredelemnul, Makhleb.
  4910 | Temple   | Became a worshipper of the Shining One
  4946 | D:4      | namelastname112: ??evilgods [2
  4946 | D:4      | beem: evilgods ~ evil gods[2/2]: Nottrog, Notvehumet, Notxom, Notjiyva, Notdithmenos
  5135 | D:4      | Noticed Ijyb
  5146 | D:4      | Killed Ijyb
  5270 | D:4      | Found a radiant altar of Vehumet.
  5478 | D:5      | Entered Level 5 of the Dungeon
  5806 | D:5      | Reached skill level 3 in Invocations
  5836 | D:5      | Noticed Eustachio
  5841 | D:5      | Reached XP level 8. HP: 58/63 MP: 14/14
  6745 | D:5      | Identified the Papyrus of Unholy Rituals and Attacks
  6962 | D:5      | Killed Eustachio
  7498 | D:5      | Identified a +1 pair of boots of running (You found it on level 5 of the Dungeon)
  7772 | D:6      | Reached * piety under the Shining One
  7953 | D:5      | Reached skill level 4 in Invocations
  7959 | D:5      | Reached XP level 9. HP: 7/69 MP: 16/16
  8308 | D:5      | Reached skill level 5 in Transmutations
  8308 | D:5      | Reached skill level 5 in Poison Magic
  8863 | D:6      | epen: !lg
  8863 | D:6      | beem: 1256. epen the Transmogrifier (L13 DrTm of Cheibriados), slain by an eight-headed hydra on Lair:6 on 2018-01-10 21:04:22, with 33868 points after 18204 turns and 0:32:42.
  9056 | D:6      | Reached skill level 5 in Spellcasting
  9350 | D:6      | Found a snail-covered altar of Cheibriados.
  9473 | D:6      | Reached skill level 5 in Armour
  9547 | D:6      | namelastname112: ??riposte
  9547 | D:6      | beem: riposte[1/3]: New mechanic in 0.19. Long blades & the {fencer's gloves} give a 33% chance to retaliate when enemies miss you, giving you an automatic free attack. Monsters aren't cool enough to riposte.
  9714 | D:7      | Found a shadowy altar of Dithmenos.
 10257 | D:7      | Noticed Pikel
 10265 | D:7      | Killed Pikel
 10265 | D:7      | Reached skill level 5 in Invocations
 10265 | D:7      | Reached XP level 10. HP: 67/77 MP: 18/18
 10342 | D:7      | Found a hazy altar of Hepliaklqana.
 10371 | D:7      | Reached ** piety under the Shining One
 10983 | D:8      | Found a shattered altar of Ashenzari.
 11051 | D:8      | Noticed Maurice
 11067 | D:8      | Killed Maurice
 11067 | D:8      | Reached skill level 5 in Short Blades
 11067 | D:8      | Reached skill level 5 in Long Blades
 11067 | D:8      | Reached skill level 5 in Axes
 11067 | D:8      | Reached skill level 5 in Maces & Flails
 11067 | D:8      | Reached skill level 5 in Polearms
 11067 | D:8      | Reached skill level 5 in Staves
 11067 | D:8      | Reached skill level 5 in Slings
 11067 | D:8      | Reached skill level 5 in Bows
 11067 | D:8      | Reached skill level 5 in Crossbows
 11067 | D:8      | Reached skill level 5 in Throwing
 11067 | D:8      | Reached skill level 5 in Dodging
 11067 | D:8      | Reached skill level 5 in Stealth
 11067 | D:8      | Reached skill level 5 in Shields
 11067 | D:8      | Reached skill level 5 in Unarmed Combat
 11711 | D:8      | Noticed a two-headed ogre
 11727 | D:8      | Killed a two-headed ogre
 12165 | D:8      | Noticed Joseph
 12188 | D:8      | Killed Joseph
 12413 | D:8      | Noticed a two-headed ogre
 12423 | D:8      | Killed a two-headed ogre
 12423 | D:8      | Reached skill level 6 in Invocations
 13177 | D:9      | Reached XP level 11. HP: 82/84 MP: 20/20
 13555 | D:9      | Found a staircase to the Lair.
 13949 | D:10     | Entered Level 10 of the Dungeon
 14058 | D:10     | Noticed Snorg
 14485 | D:10     | Noticed a vault guard
 14521 | D:10     | Killed a vault guard
 14521 | D:10     | Reached skill level 5 in Conjurations
 14521 | D:10     | Reached skill level 5 in Hexes
 14521 | D:10     | Reached skill level 5 in Charms
 14521 | D:10     | Reached skill level 5 in Summonings
 14521 | D:10     | Reached skill level 5 in Necromancy
 14521 | D:10     | Reached skill level 5 in Translocations
 14521 | D:10     | Reached skill level 5 in Fire Magic
 14521 | D:10     | Reached skill level 5 in Ice Magic
 14521 | D:10     | Reached skill level 5 in Air Magic
 14521 | D:10     | Reached skill level 5 in Earth Magic
 14553 | D:10     | Found a basalt altar of Yredelemnul.
 14571 | D:10     | Found a portal to a secret trove of treasure.
 15554 | D:11     | Got a faintly glowing spear
 15555 | D:11     | Identified the +4 spear "Inuczu" {holy, Fragile Str+4 Dex+2} (You found it on level 11 of the Dungeon)
 15621 | D:11     | Got a distressingly furry plate armour
 15632 | D:11     | Identified the +8 plate armour of Zikof {rElec} (You found it on level 11 of the Dungeon)
 15711 | D:11     | Noticed a cyclops
 15764 | D:11     | Killed a cyclops
 15799 | D:11     | Got a faintly glowing battleaxe
 15807 | D:11     | Identified the +9 battleaxe "Texaudaene" {antimagic, SInv} (You found it on level 11 of the Dungeon)
 15857 | D:11     | Noticed an unseen horror
 15870 | D:11     | Killed an unseen horror
 15932 | D:11     | Noticed a two-headed ogre
 15940 | D:11     | Killed a two-headed ogre
 15940 | D:11     | Reached skill level 7 in Invocations
 16153 | D:12     | Noticed a five-headed hydra
 16227 | D:12     | Got a pair of dazzling boots
 16238 | D:12     | Identified the +0 pair of boots "Egoeb" {rF++ Int+6} (You found it on level 12 of the Dungeon)
 16295 | D:12     | Noticed a manticore
 16295 | D:12     | Reached *** piety under the Shining One
 16308 | D:12     | Killed a manticore
 16828 | D:12     | Killed a one-headed hydra
 16875 | D:12     | Found a staircase to the Orcish Mines.
 16949 | D:12     | Reached XP level 12. HP: 39/93 MP: 7/23
 18041 | D:13     | Noticed a tengu warrior
 18042 | D:13     | Noticed a tengu warrior
 18047 | D:13     | Killed a tengu warrior
 18048 | D:13     | Noticed a vault guard
 18052 | D:13     | Killed a tengu warrior
 18059 | D:13     | Killed a vault guard
 18062 | D:13     | Noticed a vault guard
 18063 | D:13     | Noticed a vault guard
 18067 | D:13     | Noticed a vault guard
 18083 | D:12     | Killed a vault guard
 18083 | D:12     | Reached skill level 8 in Invocations
 18190 | Lair:1   | Entered Level 1 of the Lair of Beasts
 18190 | Lair:1   | Noticed Harold
 18529 | Lair:1   | Killed Harold
 19231 | Lair:2   | Reached XP level 13. HP: 34/101 MP: 8/25
 19428 | Lair:2   | Found a dark tunnel.
 19446 | Volcano  | Entered a volcano
 19724 | Volcano  | Reached **** piety under the Shining One
 21288 | Lair:3   | Got a translucent scimitar
 21289 | Lair:3   | Identified the cursed +2 scimitar "Yxorphist" {venom, Int+3 SInv} (You found it on level 3 of the Lair of Beasts)
 21315 | Lair:3   | Reached skill level 9 in Invocations
 21320 | Lair:3   | Noticed Rupert
 22396 | Lair:3   | Gained mutation: Your muscles are strong. (Str +2) [potion of mutation]
 22396 | Lair:3   | Gained mutation: You are partially covered in slimy green scales. (AC +2) [potion of mutation]
 22396 | Lair:3   | Gained mutation: You have large cloven feet. [potion of mutation]
 22600 | Lair:3   | Found a staircase to the Snake Pit.
 22651 | Lair:3   | Paralysed by Rupert for 3 turns
 22668 | Lair:3   | Killed Rupert
 23225 | Lair:4   | Reached XP level 14. HP: 105/109 MP: 9/27
 23458 | Lair:5   | Found a staircase to the Slime Pits.
 23468 | Lair:5   | namelastname112: ??slime pits
 23470 | Lair:5   | beem: slime pits[1/2]: Accessed from the Lair somewhere on levels 5 or 6 (on Lair:6-8 in 0.18 and earlier). Five levels deep (six in 0.18 and earlier), with a rune in the loot vault at the bottom, surrounded by stone (vulnerable to LRD/shatter but not passwall/digging) walls. Killing the royal jelly turns the walls into diggable glass. The {slime wall}s hurt to touch!
 23497 | Slime:1  | Entered Level 1 of the Pits of Slime
 23655 | Lair:5   | HP: 4/109 [poisoned by a swamp dragon (blast of poison)]
 23658 | Lair:5   | Reached skill level 10 in Fighting
 23658 | Lair:5   | Reached skill level 10 in Evocations
 24286 | Lair:5   | HP: 8/165 [poisoned by a swamp dragon (poison gas)]
 24291 | Lair:5   | HP: 3/110 [poisoned by a swamp dragon (poison gas)]
 24296 | Lair:5   | HP: 3/110 [poisoned by a swamp dragon (poison gas)]
 24301 | Lair:5   | HP: 2/110 [poisoned by a swamp dragon (poison gas)]
 24309 | Lair:5   | HP: 2/110 [poisoned by a swamp dragon (poison gas)]
 24878 | Lair:5   | Noticed Josephine
 24897 | Lair:5   | Killed Josephine
 24901 | Lair:5   | Reached ***** piety under the Shining One
 25510 | Lair:6   | Entered Level 6 of the Lair of Beasts
 25997 | Lair:6   | namelastname112: Суд винницкой Украины отправил на принудительное лечение мужчину, разобравшего все домашние электроприборы и газовый котел из-за уверенности в том, что дом отапливается москальским газом. Об этом сообщает украинская газета «Вести». Мужчина не спал и не ел пять суток подряд, вынес все вещи из дома, пытался скурить свои документы на дворе, а потом заявил, что вокруг одни сепаратисты. Кроме того, винничанин выразил уверенность в том, что его преследуют и показывают информацию о нем по телевидению. Также мужчина попытался сорвать с отца красную рубашку, заявляя, что это цвет клятых коммуняк.
 26047 | Lair:6   | Reached skill level 10 in Invocations
 27791 | Lair:4   | namelastname112: https://www.youtube.com/watch?v=LnPawEy9ldo
 27844 | Lair:4   | Found a staircase to the Swamp.
 28013 | Lair:4   | Reached XP level 15. HP: 93/117 MP: 9/28
 28047 | Lair:4   | Reached skill level 10 in Spellcasting
 28946 | D:13     | Noticed Kirke
 29003 | D:13     | HP: 2/117 [harpy[Kirke] (16)]
 29129 | D:13     | Reached skill level 10 in Armour
 29203 | D:13     | Found a gate to the Vaults.
 30203 | D:14     | Reached ****** piety under the Shining One
 30425 | D:15     | Entered Level 15 of the Dungeon
 31040 | D:15     | Reached skill level 10 in Short Blades
 31040 | D:15     | Reached skill level 10 in Long Blades
 31040 | D:15     | Reached skill level 10 in Axes
 31040 | D:15     | Reached skill level 10 in Maces & Flails
 31040 | D:15     | Reached skill level 10 in Polearms
 31040 | D:15     | Reached skill level 10 in Staves
 31040 | D:15     | Reached skill level 10 in Slings
 31040 | D:15     | Reached skill level 10 in Bows
 31040 | D:15     | Reached skill level 10 in Crossbows
 31040 | D:15     | Reached skill level 10 in Throwing
 31040 | D:15     | Reached skill level 10 in Dodging
 31040 | D:15     | Reached skill level 10 in Stealth
 31040 | D:15     | Reached skill level 10 in Shields
 31040 | D:15     | Reached skill level 10 in Unarmed Combat
 31819 | D:15     | Found Osyfriga's Food Shoppe.
 32296 | D:15     | Found a sacrificial altar of Ru.
 32332 | D:15     | Found a staircase to the Depths.
 32571 | D:14     | Reached skill level 11 in Invocations
 33132 | Orc:1    | Entered Level 1 of the Orcish Mines
 33132 | Orc:1    | Found a frozen archway.
 33143 | Orc:1    | Noticed Erolcha
 33165 | Orc:1    | Killed Erolcha
 33171 | IceCv    | Entered an ice cave
 33566 | IceCv    | Got an ichor-stained great mace
 33567 | IceCv    | Identified the +10 great mace of Zusiabih {crush, Int+4} (You found it in an ice cave)
 33662 | IceCv    | Reached XP level 16. HP: 125/125 MP: 30/30
 33792 | Orc:1    | Found Vevuas's Antique Armour Shop.
 33793 | Orc:1    | epen: ??crush
 33793 | Orc:1    | beem: vorpal[1/3]: A weapon brand which increases weapon damage by 16.7% on average.
 33860 | Orc:1    | Found Xuces's Distillery.
 33889 | Orc:1    | Bought a potion of heal wounds for 70 gold pieces
 33889 | Orc:1    | Bought a potion of heal wounds for 70 gold pieces
 34135 | Orc:2    | Entered Level 2 of the Orcish Mines
 34135 | Orc:2    | Found Judofa's Distillery.
 34158 | Orc:2    | Bought a potion of curing for 51 gold pieces
 34158 | Orc:2    | Bought a potion of curing for 51 gold pieces
 34158 | Orc:2    | Bought a potion of heal wounds for 85 gold pieces
 34158 | Orc:2    | Bought a potion of curing for 51 gold pieces
 34339 | Orc:2    | Found a staircase to the Elven Halls.
 34516 | Orc:2    | Noticed Nessos
 34523 | Orc:2    | Killed Nessos
 35015 | Orc:2    | Found a roughly hewn altar of Beogh.
 35130 | Orc:2    | Noticed Sonja
 35153 | Orc:2    | Noticed Nr616's ghost (journeyman MiBe)
 35517 | Orc:2    | Found Oseox's Book Shop.
 35517 | Orc:2    | Found Aziukhopy's Magic Scroll Emporium.
 35531 | Orc:2    | Bought a scroll of identify for 22 gold pieces
 35531 | Orc:2    | Bought a scroll of teleportation for 33 gold pieces
 35531 | Orc:2    | Bought a scroll of blinking for 82 gold pieces
 35835 | Orc:2    | Found Qeffo's Gadget Emporium.
 35835 | Orc:2    | Found Uppeluleunt's Weapon Shop.
 35865 | Orc:2    | Killed Sonja
 35893 | Orc:2    | Killed Nr616's ghost
 35994 | Orc:2    | Bought a scroll of acquirement for 572 gold pieces
 35994 | Orc:2    | Bought a scroll of identify for 22 gold pieces
 35996 | Orc:2    | Got an encrusted buckler
 35997 | Orc:2    | Identified the +3 buckler of Shadows and Fog {rPois Regen+ Str-2 SInv} (You acquired it on level 2 of the Orcish Mines)
 36028 | Orc:2    | Bought a potion of agility for 68 gold pieces
 36028 | Orc:2    | Bought a potion of might for 68 gold pieces
 36028 | Orc:2    | Bought a potion of agility for 68 gold pieces
 36028 | Orc:2    | Bought a potion of cancellation for 136 gold pieces
 36028 | Orc:2    | Bought a potion of might for 68 gold pieces
 36028 | Orc:2    | Bought a potion of agility for 68 gold pieces
 36070 | Orc:1    | Bought a potion of might for 56 gold pieces
 36070 | Orc:1    | Bought 2 potions of flight for 84 gold pieces
 36070 | Orc:1    | Bought a potion of agility for 56 gold pieces
 36070 | Orc:1    | Bought a potion of agility for 56 gold pieces
 36306 | Swamp:1  | Entered Level 1 of the Swamp
 37235 | Swamp:2  | Noticed Nikola
 37264 | Swamp:2  | Killed Nikola
 37667 | Swamp:2  | Noticed Aizul
 37681 | Swamp:2  | Killed Aizul
 37867 | Swamp:2  | You fall through a shaft!
 38031 | Swamp:3  | Reached skill level 10 in Transmutations
 38031 | Swamp:3  | Reached skill level 10 in Poison Magic
 38946 | Swamp:3  | Got a warped chain mail
 38958 | Swamp:3  | Identified the +5 chain mail "Xomaoles" {Int+3} (You found it on level 3 of the Swamp)
 39128 | Swamp:3  | Noticed Bai Suzhen
 39149 | Swamp:3  | Killed Bai Suzhen
 39700 | Swamp:4  | Entered Level 4 of the Swamp
 39731 | Swamp:4  | Reached XP level 17. HP: 96/133 MP: 10/32
 39819 | Swamp:4  | Reached skill level 12 in Invocations
 39819 | Swamp:4  | Reached XP level 18. HP: 108/140 MP: 11/33
 40796 | Swamp:4  | Noticed Donald
 41788 | Swamp:4  | Killed Donald
 41802 | Swamp:4  | Noticed the 27-headed Lernaean hydra
 42310 | Swamp:4  | Got a decaying rune of Zot
 42645 | Swamp:4  | Killed the 27-headed Lernaean hydra
 43350 | Elf:1    | Entered Level 1 of the Elven Halls
 43382 | Elf:1    | Found a radiant altar of Vehumet.
 43489 | Elf:1    | Found Nuzxiz's General Store.
 43558 | Elf:1    | Found Qaik Daw's Assorted Antiques.
 43754 | Elf:1    | Bought 2 potions of heal wounds for 400 gold pieces
 43754 | Elf:1    | Bought a potion of heal wounds for 200 gold pieces
 43754 | Elf:1    | Bought a potion of curing for 120 gold pieces
 43754 | Elf:1    | Bought a scroll of fog for 80 gold pieces
 44119 | Elf:1    | Reached skill level 10 in Conjurations
 44119 | Elf:1    | Reached skill level 10 in Hexes
 44119 | Elf:1    | Reached skill level 10 in Charms
 44119 | Elf:1    | Reached skill level 10 in Summonings
 44119 | Elf:1    | Reached skill level 10 in Necromancy
 44119 | Elf:1    | Reached skill level 10 in Translocations
 44119 | Elf:1    | Reached skill level 10 in Fire Magic
 44119 | Elf:1    | Reached skill level 10 in Ice Magic
 44119 | Elf:1    | Reached skill level 10 in Air Magic
 44119 | Elf:1    | Reached skill level 10 in Earth Magic
 44227 | Elf:1    | Found Kugewki's Jewellery Shoppe.
 44291 | Elf:1    | Bought the ring "Sull" {MR++ EV+1 Dex-2} for 184 gold pieces
 44659 | Elf:1    | Identified the Catalogue of Creative Battle Magic
 45266 | Elf:2    | Reached XP level 19. HP: 141/148 MP: 11/35
 45398 | Elf:2    | Found a runed gate.
 45399 | Elf:2    | Found a runed gate.
 45401 | Elf:2    | Found a runed gate.
 45736 | Elf:3    | Entered Level 3 of the Elven Halls
 46134 | Elf:3    | Reached skill level 13 in Invocations
 46900 | Elf:3    | HP: 6/149 [deep elf master archer/arrow (28)]
 46915 | Elf:3    | Cast into level 2 of the Abyss (deep elf annihilator)
 47339 | Elf:3    | Escaped the Abyss
 47623 | Elf:3    | Got a pitted mace
 47624 | Elf:3    | Identified the +4 mace of Indomitability {flame, rPois rC+ rN+} (You found it on level 3 of the Elven Halls)
 47636 | Elf:3    | Got a slimy steel ring
 47677 | Elf:3    | Learned a level 2 spell: Blink
 47682 | Elf:3    | Learned a level 4 spell: Passage of Golubria
 47713 | Elf:3    | Identified the Disquisition on Talismans and Poison
 47766 | Elf:3    | Got a scorched dagger {distort}
 47783 | Elf:3    | Got a clouded emerald amulet
 47787 | Elf:3    | Identified the amulet of Odaug {Reflect +Inv rPois MP-9 Str+3 SH+2} (You took it off a deep elf sorcerer on level 3 of the Elven Halls)
 47791 | Elf:3    | Identified the ring of Contentment {MP+9 Int+2 Dex+3 Stlth+} (You took it off a deep elf death mage on level 3 of the Elven Halls)
 47796 | Elf:3    | Got a slimy long sword {slice}
 47797 | Elf:3    | Identified the +6 long sword of Fudetach {slice, +Fly rElec rPois} (You took it off a deep elf annihilator on level 3 of the Elven Halls)
 47805 | Elf:3    | Got a glittering golden ring
 47897 | Elf:3    | Identified the ring of Moril {rElec rPois Stlth-} (You took it off a deep elf annihilator on level 3 of the Elven Halls)
 48126 | Vaults:1 | Entered Level 1 of the Vaults
 48249 | D:13     | Reached XP level 20. HP: 117/156 MP: 15/36
 48827 | Elf:3    | Learned a level 6 spell: Deflect Missiles
 50488 | Vaults:2 | HP: 5/157 [orc priest/divine providence[an orc knight] (13)]
 51204 | Vaults:2 | Found a staircase to the Crypt.
 51344 | Vaults:2 | Reached skill level 14 in Invocations
 52138 | Vaults:3 | Found a shimmering altar of Xom.
 53024 | Vaults:3 | HP: 3/158 [vault warden/long sword of slicing (9)]
 53302 | Vaults:3 | Reached XP level 21. HP: 164/164 MP: 38/38
 53361 | Vaults:3 | HP: 4/164 [ogre mage/crystal spear (53)]
 53362 | Vaults:3 | Killed from afar by a sphinx

Skill      XL: |  1  2  3  4  5  6  7  8  9 10 11 12 13 14 15 16 17 18 19 20 21 |
---------------+----------------------------------------------------------------+-----
Invocations    | 1 2 3 4 5 6 7 8 9 10 11 12 13 14 | 14.3
Short Blades   | 1 2 3 4 5 6 7 8 9 10 11 12 13 | 13.3
Long Blades    | 1 2 3 4 5 6 7 8 9 10 11 12 13 | 13.3
Axes           | 1 2 3 4 5 6 7 8 9 10 11 12 13 | 13.3
Maces & Flails | 1 2 3 4 5 6 7 8 9 10 11 12 13 | 13.3
Polearms       | 1 2 3 4 5 6 7 8 9 10 11 12 13 | 13.3
Staves         | 1 2 3 4 5 6 7 8 9 10 11 12 13 | 13.3
Slings         | 1 2 3 4 5 6 7 8 9 10 11 12 13 | 13.3
Bows           | 1 2 3 4 5 6 7 8 9 10 11 12 13 | 13.3
Crossbows      | 1 2 3 4 5 6 7 8 9 10 11 12 13 | 13.3
Throwing       | 1 2 3 4 5 6 7 8 9 10 11 12 13 | 13.3
Dodging        | 1 2 3 4 5 6 7 8 9 10 11 12 13 | 13.3
Stealth        | 1 2 3 4 5 6 7 8 9 10 11 12 13 | 13.3
Shields        | 1 2 3 4 5 6 7 8 9 10 11 12 13 | 13.3
Unarmed Combat | 1 2 3 4 5 6 7 8 9 10 11 12 13 | 13.3
Spellcasting   | 3 4 5 6 7 8 9 10 11 12 13 | 13.5
Conjurations   | 1 2 3 4 5 6 7 8 9 10 11 | 11.4
Hexes          | 1 2 3 4 5 6 7 8 9 10 11 | 11.4
Charms         | 1 2 3 4 5 6 7 8 9 10 11 | 11.4
Summonings     | 1 2 3 4 5 6 7 8 9 10 11 | 11.4
Necromancy     | 1 2 3 4 5 6 7 8 9 10 11 | 11.4
Translocations | 1 2 3 4 5 6 7 8 9 10 11 | 11.4
Fire Magic     | 1 2 3 4 5 6 7 8 9 10 11 | 11.4
Ice Magic      | 1 2 3 4 5 6 7 8 9 10 11 | 11.4
Air Magic      | 1 2 3 4 5 6 7 8 9 10 11 | 11.4
Earth Magic    | 1 2 3 4 5 6 7 8 9 10 11 | 11.4
Armour         | 3 4 5 6 7 8 9 10 11 12 13 | 13.5
Transmutations | 4 5 6 7 8 9 10 11 12 | 12.0
Poison Magic   | 4 5 6 7 8 9 10 11 12 | 12.0
Fighting       | 5 6 7 8 9 10 11 12 13 | 13.9
Evocations     | 5 6 7 8 9 10 11 12 13 | 13.9

Action                   |  1- 3 |  4- 6 |  7- 9 | 10-12 | 13-15 | 16-18 | 19-21 || total
-------------------------+-------+-------+-------+-------+-------+-------+-------++-------
Melee: Spear             |    97 |   226 |   297 |    21 |       |       |       ||   641
       Bite              |     8 |    18 |    87 |    83 |   160 |   169 |   173 ||   698
       Unarmed           |       |       |     4 |       |    19 |       |       ||    23
       Punch             |       |       |     9 |     5 |     6 |       |       ||    20
       Falchion          |       |       |    50 |     7 |    55 |       |       ||   112
       Scimitar          |       |       |   182 |   290 |       |       |       ||   472
       Battleaxe         |       |       |       |   273 |  1010 |   608 |   818 ||  2709
       Great mace        |       |       |       |       |    15 |   433 |   160 ||   608
Throw: Throwing net      |       |       |       |     1 |       |       |       ||     1
 Cast: Deflect Missiles  |       |       |       |       |       |       |     2 ||     2
Invok: Divine Shield     |       |       |       |     6 |     2 |     5 |    14 ||    27
       Cleansing Flame   |       |       |       |       |     2 |     9 |     7 ||    18
       Summon Divine War |       |       |       |       |       |     2 |     2 ||     4
Evoke: Wand              |       |       |     3 |     4 |       |       |       ||     7
  Use: Potion            |     3 |     1 |     3 |     1 |     9 |    13 |     6 ||    36
       Scroll            |       |     8 |     4 |    11 |    20 |     8 |     5 ||    56
 Stab: Sleeping          |     4 |     4 |       |       |       |       |       ||     8
  Eat: Chunk             |     2 |     7 |    18 |    18 |    31 |    24 |    14 ||   114
       Ration            |       |     1 |       |     3 |     4 |     5 |     5 ||    18
Armor: Robe              |    22 |    11 |       |       |       |       |       ||    33
       Ring mail         |       |    57 |   246 |    28 |       |       |       ||   331
       Skin              |       |       |     2 |       |       |       |       ||     2
       Chain mail        |       |       |       |    77 |       |       |       ||    77
       Plate armour      |       |       |       |   327 |  1240 |  1083 |   683 ||  3333
Dodge: Dodged            |    64 |   111 |   335 |   285 |   749 |   882 |   797 ||  3223
       Deflected         |       |       |       |       |       |       |     5 ||     5
Block: Buckler           |       |       |       |    87 |       |       |       ||    87
       Other             |       |       |       |     6 |    10 |    59 |   201 ||   276
       Rpst.: Falchion   |       |       |    10 |       |    15 |       |       ||    25
       Scimitar          |       |       |    41 |    43 |       |       |       ||    84
